 Dungeon Crawl Stone Soup version 0.25-a0-701-gb30f108f01 (webtiles) character file.

Game seed: 8148245443733468145, levelgen mode: deterministic

5562 Hasart the Conjurer (level 10, -12/80 HPs)
             Began as a Demigod Earth Elementalist on Feb 3, 2020.
             Mangled by an ogre
             ... wielding a +0 giant spiked club
              (15 damage)
             ... on level 10 of the Dungeon on Apr 4, 2020.
             The game lasted 00:26:06 (11111 turns).

Hasart the Conjurer (Demigod Earth Elementalist)   Turns: 11111, Time: 00:26:07

Health: -12/80     AC: 12    Str: 11    XL:     10   Next: 21%
Magic:  23/23      EV: 29    Int: 25    God:
Gold:   612        SH:  0    Dex: 16    Spells: 12/21 levels left

rFire    . . .     SeeInvis .   i - +0 hand axe (elec)
rCold    . . .     Gourm    .   (no shield)
rNeg     . . .     Faith    .   B - +0 troll leather armour
rPois    .         Spirit   .   m - +0 helmet
rElec    .         Reflect  .   (no cloak)
rCorr    .         Harm     .   l - +0 pair of gloves (curse)
MR       +....                  p - +0 pair of boots
Stlth    ++........             D - amulet of the acrobat
HPRegen  0.63/turn              u - +5 ring of protection
MPRegen  0.18/turn              (no ring)

@: acrobat
A: high mp 1
a: no special abilities


You were on level 10 of the Dungeon.
You were hungry.

You visited 1 branch of the dungeon, and saw 10 of its levels.

You collected 612 gold pieces.

Inventory:

Hand Weapons
 i - a +0 hand axe of electrocution (weapon)
Missiles
 b - 204 stones (quivered)
Armour
 l - a cursed +0 pair of gloves (worn)
 m - a +0 helmet (worn)
 p - a +0 pair of boots (worn)
 y - a +1 leather armour of cold resistance
 B - a +0 troll leather armour (worn)
Jewellery
 u - a +5 ring of protection (left hand)
 D - an amulet of the acrobat (around neck)
Wands
 n - a wand of enslavement (9)
 w - a wand of paralysis (2)
Scrolls
 a - a scroll of blinking {unknown}
 e - 16 scrolls of identify
 f - 3 scrolls of fog {unknown}
 h - 3 scrolls of amnesia {unknown}
 j - 5 scrolls of remove curse {unknown}
 k - a scroll of teleportation {unknown}
 o - a scroll of holy word {unknown}
 q - 2 scrolls of magic mapping {unknown}
 r - a scroll of noise {unknown}
Potions
 c - a potion of haste {unknown}
 g - a potion of degeneration {unknown}
 s - 2 potions of stabbing {unknown}
 t - a potion of heal wounds
 v - 2 potions of magic {unknown}
 x - 5 potions of curing {unknown}
 z - a potion of might
 A - a potion of flight {unknown}
Comestibles
 d - 13 rations


   Skills:
 + Level 4.6 Fighting
 + Level 1.1 Armour
 - Level 5.0 Dodging
 - Level 1.7 Stealth
 + Level 6.4 Spellcasting
 + Level 7.8 Conjurations
   Level 0.8 Transmutations
 + Level 7.7 Earth Magic


You had 12 spell levels left.
You knew the following spells:

 Your Spells              Type           Power        Failure   Level  Hunger
a - Sandblast             Erth           #####.       1%          1    None
b - Stone Arrow           Conj/Erth      #####.       1%          3    None
c - Lee's Rapid Deconstr  Erth           #####.....   11%         5    #####..

Your spell library contained the following spells:

 Spells                   Type           Power        Failure   Level  Hunger
 Shock                    Conj/Air       ####         1%          1    None
 Passwall                 Tmut/Erth      ####....     2%          2    None
 Static Discharge         Conj/Air       ####....     5%          3    None
 Swiftness                Chrm/Air       #.......     14%         2    None
 Petrify                  Tmut/Erth      ####....     16%         4    ###....
 Lightning Bolt           Conj/Air       ####......   45%         5    #####..
 Airstrike                Air            #.........   67%         4    ###....


Dungeon Overview and Level Annotations

Branches:
Dungeon (10/15)            Temple (0/1) D:5             Orc (0/2) D:9
   Lair: D:8-11

Shops:
D:7 }

Annotations:
D:3 1 runed translucent door, Error4North's ghost, amateur HOFi
D:8 3 runed translucent doors, LostGamesStreakFreak's ghost, novice TrTm


Innate Abilities, Weirdness & Mutations

You have an increased reservoir of magic. (+10% MP)


Message History

The sky beast barely misses you. Something closely misses you.
Something misses you. The adder completely misses you. x2
The sky beast hits you but does no damage.
The adder completely misses you. Something closely misses you. x2
The adder completely misses you. The ogre barely misses you.
The adder completely misses you. The sky beast completely misses you.
Something hits you but does no damage.
Deactivating autopickup; reactivate with Ctrl-A.
Something barely misses you. The adder misses you. The adder bites you.
* * * LOW HITPOINT WARNING * * *
The ogre misses you. The adder bites you but does no damage.
The sky beast completely misses you. Something hits you!
* * * LOW HITPOINT WARNING * * *
Something barely misses you. The adder bites you but does no damage.
The adder closely misses you. The sky beast completely misses you.
The ogre hits you with a +0 giant spiked club!
You die...

..... #.#.# #
.#.#.# #.#
#.#.#.#.#.#
#.#.#.#...#
#.#$#.#.#.#..
##......<.....
#.##.#{O.###..
#....#@S.....#
#.####YS.....#
#<# #.#.....#
#.# #........
#.# ###.###.#
#.# # # #.#
... #.#


You could see a sky beast, an ogre and 2 adders.

Vanquished Creatures
  A moth of wrath (D:9)
  A queen bee (D:8)
  2 trolls
  A hippogriff (D:9)
  A hungry ghost (D:9)
  A warg (D:9)
  An ice beast (D:9)
  7 orc warriors
  A black bear (D:7)
  A phantom (D:6)
  An ogre (D:8)
  A necrophage (D:9)
  2 centaurs
  2 crocodiles
  A big kobold (D:7)
  3 bullfrogs
  2 scorpions
  21 killer bees
  6 jellies
  2 quasits (D:6)
  4 iguanas
  5 orc priests
  2 hounds
  10 orc wizards
  3 bullfrog skeletons
  Terence (D:2)
  4 worker ants
  13 adders
  4 gnolls
  2 howler monkey skeletons
  A worker ant zombie (D:5)
  2 shadow imps
  An ooze (D:4)
  An adder skeleton (D:9)
  An adder zombie (D:7)
  4 worms
  A dart slug (D:2)
  12 leopard geckos
  34 orcs
  7 bats
  9 giant cockroaches
  4 goblins
  9 hobgoblins
  3 jackals (D:2)
  A quokka (D:2)
  A ball python (D:7)
  7 frilled lizards
  7 kobolds
  2 leopard gecko skeletons
  A quokka skeleton (D:6)
  6 rats
220 creatures vanquished.

Notes
Turn   | Place    | Note
-------+----------+-------------------------------------------
     0 | D:1      | Hasart the Demigod Earth Elementalist began the quest for
                  | the Orb.
     0 | D:1      | Reached XP level 1. HP: 14/14 MP: 5/5
   856 | D:1      | Reached XP level 2. HP: 17/20 MP: 7/7
  1553 | D:2      | Reached XP level 3. HP: 26/26 MP: 5/8
  1881 | D:2      | Learned a level 3 spell: Stone Arrow
  2186 | D:2      | Noticed Terence
  2199 | D:2      | Reached XP level 4. HP: 30/33 MP: 2/10
  2201 | D:2      | Killed Terence
  2432 | D:2      | Reached skill level 1 in Conjurations
  2964 | D:2      | Found a blossoming altar of Fedhas.
  2964 | D:2      | Found a stormy altar of Qazlal.
  2965 | D:2      | Found a snail-covered altar of Cheibriados.
  3523 | D:3      | Found a runed translucent door.
  3523 | D:3      | Noticed Error4North's ghost (amateur HOFi)
  3548 | D:3      | Found an iron altar of Okawaru.
  3554 | D:3      | Reached XP level 5. HP: 34/38 MP: 11/11
  3572 | D:3      | Learned a level 5 spell: Lee's Rapid Deconstruction
  4859 | D:5      | Entered Level 5 of the Dungeon
  4914 | D:5      | Reached XP level 6. HP: 39/45 MP: 10/13
  5315 | D:5      | Found a staircase to the Ecumenical Temple.
  5448 | D:6      | Found a shadowy altar of Dithmenos.
  5731 | D:6      | Reached XP level 7. HP: 50/50 MP: 10/15
  6061 | D:6      | Reached skill level 5 in Earth Magic
  6191 | D:6      | Noticed a troll
  6200 | D:6      | Killed a troll
  6438 | D:6      | Reached XP level 8. HP: 57/57 MP: 13/17
  6655 | D:7      | Reached skill level 5 in Conjurations
  7039 | D:7      | Found Hevyh's Gadget Boutique.
  7649 | D:7      | Reached skill level 5 in Dodging
  7920 | D:8      | Reached skill level 1 in Fighting
  8192 | D:8      | Found a runed translucent gate.
  8193 | D:8      | Found a runed translucent gate.
  8194 | D:8      | Found a runed translucent gate.
  8197 | D:8      | Noticed LostGamesStreakFreak's ghost (novice TrTm)
  8270 | D:8      | Reached XP level 9. HP: 67/67 MP: 13/20
  8271 | D:8      | Reached skill level 5 in Spellcasting
  8768 | D:8      | Identified the +7 hand axe of the Vaults {antimagic, +Blink
                  | rPois rN+ Int-3} (You found it on level 8 of the Dungeon)
  9256 | D:9      | Found a staircase to the Orcish Mines.
 10185 | D:9      | Reached XP level 10. HP: 79/79 MP: 5/23
 10352 | D:9      | Found a glowing golden altar of the Shining One.
 10728 | D:9      | Noticed a moth of wrath
 10731 | D:9      | Found a bloodstained altar of Trog.
 10733 | D:9      | Killed a moth of wrath
 10733 | D:9      | Reached skill level 1 in Armour
 10924 | D:10     | Entered Level 10 of the Dungeon
 10931 | D:10     | Upgraded the game from 0.25-a0-458-g6fc7858b95 to
                  | 0.25-a0-701-gb30f108f01
 11110 | D:10     | HP: 2/80 [something (11)]
 11111 | D:10     | Mangled by an ogre

Levels and vault maps discovered:
D:1:      arrival_zaba_pyramid, layout_basic, minmay_statues_item
D:2:      layout_loops_cross, gammafunk_temple_overflow_claw, uniq_terence
D:3:      layout_loops_corners, okawaru_altar_gauntlet_db,
          ebering_ghost_inner_flame
D:4:      minmay_evil_eye, layout_rooms, first_ration
D:5:      layout_gridville, minmay_temple_entry_glassed_door
D:6:      layout_basic, kennysheep_little_box
D:7:      layout_basic, serial_shops, kennysheep_mini_moat
D:8:      layout_rooms, gammafunk_ghost_necromancy, david_nohive_1
D:9:      layout_cross, tgw_trog, erik_orc_3, basic_altar, serial_glass,
          glass_columns_c, glass_columns_a, minmay_lizard_king
D:10:     layout_basic, dpeg_lair_monsters, uniq_psyche

Skill      XL: |  1  2  3  4  5  6  7  8  9 10 |
---------------+-------------------------------+-----
Dodging        | 2 3 4 5 |  5.0
Earth Magic    | 3 4 5 6 7 |  7.7
Spellcasting   | 2 3 4 6 |  6.4
Conjurations   | 1 2 3 4 6 7 |  7.8
Fighting       | 1 4 |  4.6
Armour         | 1 |  1.1
Stealth        | |  1.7
Transmutations | |  0.8

Action                   |  1- 3 |  4- 6 |  7- 9 | 10-12 || total
-------------------------+-------+-------+-------+-------++-------
Melee: Unarmed           |    35 |       |       |       ||    35
       Dagger            |   108 |       |       |       ||   108
       Hand axe          |       |   114 |   142 |    28 ||   284
 Cast: Sandblast         |    24 |    34 |   115 |     4 ||   177
       Stone Arrow       |     1 |       |    25 |     4 ||    30
       Lee's Rapid Decon |       |       |    27 |     3 ||    30
Evoke: Wand              |       |       |     9 |       ||     9
  Use: Scroll            |       |       |     1 |       ||     1
 Stab: Sleeping          |     3 |     5 |     5 |     1 ||    14
       Paralysed         |       |       |     2 |       ||     2
  Eat: Chunk             |     4 |    11 |    14 |     2 ||    31
       Ration            |       |       |     3 |       ||     3
Armor: Robe              |    26 |    25 |    14 |       ||    65
       Leather armour    |       |       |    81 |     1 ||    82
       Troll leather arm |       |       |       |    95 ||    95
Dodge: Dodged            |   100 |   100 |   202 |   456 ||   858

Table legend:
 A = Non-vault XP
 B = Vault XP
 C = Vault XP percentage of total XP
 D = Non-vault monster count
 E = Vault monster count
 F = Vault count percentage of total count
                 A         B        C        D         E       F
            +---------+---------+-------+---------+---------+-------
      Total |    5044 |    2903 |  36.5 |     167 |      53 |  24.1
            +---------+---------+-------+---------+---------+-------
        D:1 |      20 |       0 |   0.0 |      13 |       0 |   0.0
        D:2 |     144 |      36 |  20.0 |      29 |       1 |   3.3
        D:3 |      32 |      27 |  45.8 |      11 |       6 |  35.3
        D:4 |      47 |      90 |  65.7 |       5 |       4 |  44.4
        D:5 |     210 |       0 |   0.0 |       8 |       0 |   0.0
        D:6 |    1115 |       0 |   0.0 |      22 |       0 |   0.0
        D:7 |     858 |      61 |   6.6 |      31 |       1 |   3.1
        D:8 |     792 |    1297 |  62.1 |      25 |      16 |  39.0
        D:9 |    1811 |    1392 |  43.5 |      22 |      25 |  53.2
       D:10 |      15 |       0 |   0.0 |       1 |       0 |   0.0
            +---------+---------+-------+---------+---------+-------
